| TOP OF THE 1ST |
|
Buffalo Bisons batting - Pitching for Round Rock Express : LHP Alfonso Guillen
|
|
Pitching: LHP Alfonso Guillen
|
|
|
Batting: RHB Cyril Husson
|
0-0: Foul Ball, location: 2F 0-1: Ground out 6-3 (Groundball, 6, EV 84.4 MPH)
|
|
Batting: RHB Alex Ramos
|
0-0: Called Strike 0-1: Foul Ball, location: 2F 0-2: SINGLE (Line Drive, 78S, EV 98.1 MPH)
|
|
Batting: RHB Itsuo Egami
|
0-0: Ball 1-0: Ball Alex Ramos steals 2nd base 2-0: Ball 3-0: Base on Balls
|
|
Batting: RHB Jon Aguilar
|
0-0: Swinging Strike 0-1: Ball 1-1: Ball 2-1: Ball 3-1: Grounds into double play, 5-4-3 (Groundball, 5, EV 86.9 MPH)
|
| Top of the 1st over - 0 runs, 1 hit, 0 errors, 1 left on base; Buffalo 0 - Round Rock 0 |
| BOTTOM OF THE 1ST |
|
Round Rock Express batting - Pitching for Buffalo Bisons : RHP Larry Stegall
|
|
Pitching: RHP Larry Stegall
|
|
|
Batting: RHB Casey Semenza
|
0-0: Called Strike 0-1: Swinging Strike 0-2: Ball 1-2: Ball 2-2: Fly out, F2 (Popup, 25F, EV 80.6 MPH)
|
|
Batting: LHB Josh Stuck
|
0-0: Ball 1-0: Swinging Strike 1-1: DOUBLE (Line Drive, 7LM, EV 97.5 MPH)
|
|
Batting: RHB Ernie Weathersbee
|
0-0: Ball 1-0: Ball 2-0: Ball 3-0: Base on Balls
|
|
Batting: LHB Cooper Broomhall
|
0-0: Ball 1-0: Ball 2-0: Called Strike 2-1: Called Strike 2-2: Fielders Choice at 2nd, 3-6 (Groundball, 34, EV 83.8 MPH) Josh Stuck to third
|
|
Batting: RHB Rodolfo Contreras
|
0-0: Ball 1-0: Called Strike 1-1: SINGLE (Groundball, 34D, EV 102.5 MPH) Josh Stuck scores Cooper Broomhall to second Runner from 2nd tries for 3rd, SAFE, throw by RF made to third
|
|
Batting: RHB Bobby Keithley
|
0-0: Called Strike 0-1: Foul Ball, location: 2F 0-2: Foul Ball, location: 2F 0-2: Ball 1-2: Foul Ball, location: 2F 1-2: Ball 2-2: Foul Ball, location: 2F 2-2: Ball 3-2: DOUBLE (Flyball, 8LXD, EV 111.9 MPH) Cooper Broomhall scores Rodolfo Contreras to third Rodolfo Contreras scores
|
|
Batting: RHB Ivan Colon
|
0-0: Called Strike 0-1: Called Strike 0-2: Ball 1-2: Ball 2-2: SINGLE (Groundball, 56D, EV 95.0 MPH) Bobby Keithley to third Runner from 3rd tries for Home, SAFE, throw by LF to home
|
|
Batting: RHB Jason Sher
|
0-0: Ball 1-0: Foul Ball, location: 2F 1-1: Fielders Choice at 2nd, 6-4 (Groundball, 6, EV 95.0 MPH)
|
| Bottom of the 1st over - 4 runs, 4 hits, 0 errors, 1 left on base; Buffalo 0 - Round Rock 4 |
| TOP OF THE 2ND |
|
Buffalo Bisons batting - Pitching for Round Rock Express : LHP Alfonso Guillen
|
|
Now at 2B: Ivan Colon
|
|
|
Now at SS: Carlos Lopez
|
|
|
Batting: RHB Danny Heyer
|
0-0: Ball 1-0: SOLO HOME RUN (Flyball, 7LD, EV 92.5 MPH), Distance : 348 ft
|
|
Batting: RHB Francisco Hernandez
|
0-0: Ball 1-0: Swinging Strike 1-1: Foul Ball, location: 2F 1-2: Foul Ball, location: 2F 1-2: SINGLE (Line Drive, 78M, EV 108.8 MPH)
|
|
Batting: RHB Jordan Fairburn
|
0-0: Foul Ball, location: 2F 0-1: Ball 1-1: Ball 2-1: Ball 3-1: Base on Balls Francisco Hernandez to second
|
|
Batting: RHB Kyle Davis
|
0-0: Foul Ball, location: 2F 0-1: SINGLE (Line Drive, 78S, EV 95.0 MPH) Francisco Hernandez to third Jordan Fairburn to second
|
|
Batting: LHB Pauli Gassinger
|
0-0: Called Strike 0-1: Swinging Strike 0-2: Strikes out swinging
|
|
Batting: RHB Cyril Husson
|
0-0: Called Strike 0-1: Ball 1-1: Swinging Strike 1-2: Strikes out swinging
|
|
Batting: RHB Alex Ramos
|
0-0: Foul Ball, location: 2F 0-1: Ball 1-1: Foul Ball, location: 2F 1-2: Foul Ball, location: 2F 1-2: Ball 2-2: Foul Ball, location: 2F 2-2: Foul Ball, location: 2F 2-2: Fly out, F8 (Flyball, 8RD, EV 94.4 MPH)
|
| Top of the 2nd over - 1 run, 3 hits, 0 errors, 3 left on base; Buffalo 1 - Round Rock 4 |
| BOTTOM OF THE 2ND |
|
Round Rock Express batting - Pitching for Buffalo Bisons : RHP Larry Stegall
|
|
Batting: SHB Alvare Bairro
|
0-0: Swinging Strike 0-1: Ball 1-1: Swinging Strike 1-2: Strikes out looking
|
|
Batting: RHB Casey Semenza
|
0-0: Foul Ball, location: 2F 0-1: Ground out 4-3 (Groundball, 4, EV 88.1 MPH)
|
|
Batting: LHB Josh Stuck
|
0-0: Ball 1-0: Swinging Strike 1-1: Called Strike 1-2: Foul Ball, location: 2F 1-2: Ball 2-2: Fly out, F8 (Line Drive, 8LD, EV 98.1 MPH)
|
| Bottom of the 2nd over - 0 runs, 0 hits, 0 errors, 0 left on base; Buffalo 1 - Round Rock 4 |
| TOP OF THE 3RD |
|
Buffalo Bisons batting - Pitching for Round Rock Express : LHP Alfonso Guillen
|
|
Batting: RHB Itsuo Egami
|
0-0: Called Strike 0-1: Fly out, F9 (Flyball, 9, EV 82.5 MPH)
|
|
Batting: RHB Jon Aguilar
|
0-0: Ground out 6-3 (Groundball, 56, EV 79.4 MPH)
|
|
Batting: RHB Danny Heyer
|
0-0: Called Strike 0-1: Ball 1-1: Ball 2-1: Called Strike 2-2: Strikes out looking
|
| Top of the 3rd over - 0 runs, 0 hits, 0 errors, 0 left on base; Buffalo 1 - Round Rock 4 |
| BOTTOM OF THE 3RD |
|
Round Rock Express batting - Pitching for Buffalo Bisons : RHP Larry Stegall
|
|
Batting: RHB Ernie Weathersbee
|
0-0: Foul Ball, location: 2F 0-1: Swinging Strike 0-2: Ball 1-2: Foul Ball, location: 2F 1-2: Foul Ball, location: 2F 1-2: Ground out 5-3 (Groundball, 56, EV 103.1 MPH)
|
|
Batting: LHB Cooper Broomhall
|
0-0: Ground out 4-3 (Groundball, 13, EV 89.4 MPH)
|
|
Batting: RHB Rodolfo Contreras
|
0-0: Fly out, F8 (Flyball, 89M, EV 88.8 MPH)
|
| Bottom of the 3rd over - 0 runs, 0 hits, 0 errors, 0 left on base; Buffalo 1 - Round Rock 4 |
| TOP OF THE 4TH |
|
Buffalo Bisons batting - Pitching for Round Rock Express : LHP Alfonso Guillen
|
|
Batting: RHB Francisco Hernandez
|
0-0: Ball 1-0: Ball 2-0: Called Strike 2-1: Ball 3-1: Called Strike 3-2: Ground out 6-3 (Groundball, 4MD, EV 91.9 MPH)
|
|
Batting: RHB Jordan Fairburn
|
0-0: SINGLE (Groundball, 34D, EV 98.8 MPH)
|
|
Batting: RHB Kyle Davis
|
0-0: Swinging Strike 0-1: Ball 1-1: Foul Ball, location: 2F 1-2: Strikes out swinging
|
|
Batting: LHB Pauli Gassinger
|
0-0: Foul Ball, location: 2F 0-1: Ball 1-1: Ball Jordan Fairburn is caught stealing 2nd base 2-6
|
| Top of the 4th over - 0 runs, 1 hit, 0 errors, 0 left on base; Buffalo 1 - Round Rock 4 |
| BOTTOM OF THE 4TH |
|
Round Rock Express batting - Pitching for Buffalo Bisons : RHP Larry Stegall
|
|
Batting: RHB Carlos Lopez
|
0-0: Ball 1-0: Fly out, F8 (Flyball, 8RXD, EV 76.9 MPH)
|
|
Batting: RHB Ivan Colon
|
0-0: Ball 1-0: Ball 2-0: Ground out 5-3 (Groundball, 56S, EV 80.6 MPH)
|
|
Batting: RHB Jason Sher
|
0-0: Ball 1-0: Swinging Strike 1-1: Foul Ball, location: 2F 1-2: Ball 2-2: Foul Ball, location: 2F 2-2: Foul Ball, location: 2F 2-2: Ball 3-2: Strikes out swinging
|
| Bottom of the 4th over - 0 runs, 0 hits, 0 errors, 0 left on base; Buffalo 1 - Round Rock 4 |
| TOP OF THE 5TH |
|
Buffalo Bisons batting - Pitching for Round Rock Express : LHP Alfonso Guillen
|
|
Batting: LHB Pauli Gassinger
|
0-0: Ball 1-0: Ground out 6-3 (Groundball, 56, EV 80.6 MPH)
|
|
Batting: RHB Cyril Husson
|
0-0: Bunted foul 0-1: Ball 1-1: Ball 2-1: Ball 3-1: Base on Balls
|
|
Batting: RHB Alex Ramos
|
0-0: Ball 1-0: Ball Cyril Husson is caught stealing 2nd base 2-4 2-0: Ball 3-0: Called Strike 3-1: Foul Ball, location: 2F 3-2: Foul Ball, location: 2F 3-2: Base on Balls
|
|
Batting: RHB Itsuo Egami
|
0-0: Ball 1-0: Fly out, F3 (Popup, 3S, EV 71.9 MPH)
|
| Top of the 5th over - 0 runs, 0 hits, 0 errors, 1 left on base; Buffalo 1 - Round Rock 4 |
| BOTTOM OF THE 5TH |
|
Round Rock Express batting - Pitching for Buffalo Bisons : RHP Larry Stegall
|
|
Batting: SHB Alvare Bairro
|
0-0: Foul Ball, location: 2F 0-1: SINGLE (Groundball, 6MS, EV 62.5 MPH) (infield hit)
|
|
Batting: RHB Casey Semenza
|
0-0: Ball Alvare Bairro steals 2nd base 1-0: Ground out 1-3 (Groundball, P, EV 72.5 MPH) Alvare Bairro to third
|
|
Batting: LHB Josh Stuck
|
0-0: Ball 1-0: Called Strike 1-1: SINGLE (Flyball, 4D, EV 90.0 MPH) Alvare Bairro scores
|
|
Batting: RHB Ernie Weathersbee
|
0-0: Called Strike Josh Stuck is caught stealing 2nd base 2-4 0-1: Ball 1-1: Ball 2-1: Foul Ball, location: 2F 2-2: Foul Ball, location: 2F 2-2: Foul Ball, location: 2F 2-2: Foul Ball, location: 2F 2-2: Foul Ball, location: 2F 2-2: Fly out, F7 (Flyball, 78S, EV 71.9 MPH)
|
| Bottom of the 5th over - 1 run, 2 hits, 0 errors, 0 left on base; Buffalo 1 - Round Rock 5 |
| TOP OF THE 6TH |
|
Buffalo Bisons batting - Pitching for Round Rock Express : LHP Alfonso Guillen
|
|
Batting: RHB Jon Aguilar
|
0-0: Called Strike 0-1: Ball 1-1: Ball 2-1: SOLO HOME RUN (Flyball, 8LXD, EV 103.8 MPH), Distance : 423 ft
|
|
Batting: RHB Danny Heyer
|
0-0: Ball 1-0: Swinging Strike 1-1: Foul Ball, location: 2F 1-2: Ball 2-2: Strikes out swinging
|
|
Batting: RHB Francisco Hernandez
|
0-0: Foul Ball, location: 2F 0-1: Ball 1-1: Ball 2-1: Ground out 5-3 (Groundball, 56, EV 96.2 MPH)
|
|
Batting: RHB Jordan Fairburn
|
0-0: Ball 1-0: Swinging Strike 1-1: Ball 2-1: Fly out, F8 (Flyball, 8LD, EV 93.8 MPH)
|
| Top of the 6th over - 1 run, 1 hit, 0 errors, 0 left on base; Buffalo 2 - Round Rock 5 |
| BOTTOM OF THE 6TH |
|
Round Rock Express batting - Pitching for Buffalo Bisons : RHP Larry Stegall
|
|
Pitching: RHP Hector Bojorquez
|
|
|
Batting: LHB Cooper Broomhall
|
0-0: Foul Ball, location: 2F 0-1: Foul Ball, location: 2F 0-2: Ball 1-2: Ball 2-2: Ground out U3 (Groundball, 3, EV 98.1 MPH)
|
|
Batting: RHB Rodolfo Contreras
|
0-0: Ball 1-0: Called Strike 1-1: Foul Ball, location: 2F 1-2: Strikes out swinging
|
|
Batting: RHB Carlos Lopez
|
0-0: Ball 1-0: Ground out 6-3 (Groundball, 6, EV 91.2 MPH)
|
| Bottom of the 6th over - 0 runs, 0 hits, 0 errors, 0 left on base; Buffalo 2 - Round Rock 5 |
| TOP OF THE 7TH |
|
Buffalo Bisons batting - Pitching for Round Rock Express : LHP Alfonso Guillen
|
|
Batting: RHB Kyle Davis
|
0-0: Swinging Strike 0-1: Ball 1-1: Ball 2-1: Called Strike 2-2: Ball 3-2: Strikes out swinging
|
|
Pitching: RHP Victor Nunez
|
|
|
Batting: LHB Pauli Gassinger
|
0-0: Foul Ball, location: 2F 0-1: Foul Ball, location: 2F 0-2: Ball 1-2: Strikes out swinging
|
|
Batting: RHB Cyril Husson
|
0-0: Foul Ball, location: 2F 0-1: Swinging Strike 0-2: Strikes out swinging
|
| Top of the 7th over - 0 runs, 0 hits, 0 errors, 0 left on base; Buffalo 2 - Round Rock 5 |
| BOTTOM OF THE 7TH |
|
Round Rock Express batting - Pitching for Buffalo Bisons : RHP Hector Bojorquez
|
|
Batting: RHB Ivan Colon
|
0-0: Called Strike 0-1: Foul Ball, location: 2F 0-2: Ball 1-2: Ball 2-2: Ground out 6-3 (Groundball, 6, EV 100.6 MPH)
|
|
Batting: RHB Jason Sher
|
0-0: Ball 1-0: Swinging Strike 1-1: Ball 2-1: Ball 3-1: Foul Ball, location: 2F 3-2: Ground out 5-3 (Groundball, 56, EV 99.4 MPH)
|
|
Batting: SHB Alvare Bairro
|
0-0: Ground out 5-3 (Groundball, 25, EV 69.4 MPH)
|
| Bottom of the 7th over - 0 runs, 0 hits, 0 errors, 0 left on base; Buffalo 2 - Round Rock 5 |
| TOP OF THE 8TH |
|
Buffalo Bisons batting - Pitching for Round Rock Express : RHP Victor Nunez
|
|
Batting: RHB Alex Ramos
|
0-0: Called Strike 0-1: Swinging Strike 0-2: Ball 1-2: Foul Ball, location: 2F 1-2: Strikes out swinging
|
|
Batting: RHB Itsuo Egami
|
0-0: Swinging Strike 0-1: Ball 1-1: Ball 2-1: Ball 3-1: Called Strike 3-2: Strikes out swinging
|
|
Pinch Hitting: LHB Jody Hudson
|
0-0: Foul Ball, location: 2F 0-1: Foul Ball, location: 2F 0-2: Foul Ball, location: 2F 0-2: Ball 1-2: Strikes out swinging
|
| Top of the 8th over - 0 runs, 0 hits, 0 errors, 0 left on base; Buffalo 2 - Round Rock 5 |
| BOTTOM OF THE 8TH |
|
Round Rock Express batting - Pitching for Buffalo Bisons : RHP Hector Bojorquez
|
|
Now in CF: Jody Hudson
|
|
|
Batting: RHB Casey Semenza
|
0-0: Ball 1-0: Ball 2-0: Called Strike 2-1: Fly out, F4 (Popup, 4M, EV 73.8 MPH)
|
|
Batting: LHB Josh Stuck
|
0-0: Ball 1-0: Ball 2-0: Called Strike 2-1: Ground out 4-3 (Groundball, 4, EV 93.1 MPH)
|
|
Batting: RHB Ernie Weathersbee
|
0-0: Ball 1-0: Foul Ball, location: 2F 1-1: Called Strike 1-2: Strikes out looking
|
| Bottom of the 8th over - 0 runs, 0 hits, 0 errors, 0 left on base; Buffalo 2 - Round Rock 5 |
| TOP OF THE 9TH |
|
Buffalo Bisons batting - Pitching for Round Rock Express : RHP Victor Nunez
|
|
Pitching: RHP Jeff Bliss
|
|
|
Batting: RHB Danny Heyer
|
0-0: Ball 1-0: Called Strike 1-1: Foul Ball, location: 2F 1-2: Foul Ball, location: 2F 1-2: Ball 2-2: Strikes out looking
|
|
Pinch Hitting: LHB Da Vo
|
0-0: Called Strike 0-1: Foul Ball, location: 2F 0-2: Foul Ball, location: 2F 0-2: Foul Ball, location: 2F 0-2: Ball 1-2: Strikes out swinging
|
|
Batting: RHB Jordan Fairburn
|
0-0: Ball 1-0: Foul Ball, location: 2F 1-1: Ball 2-1: Foul Ball, location: 2F 2-2: Ball 3-2: Strikes out looking
|
| Top of the 9th over - 0 runs, 0 hits, 0 errors, 0 left on base; Buffalo 2 - Round Rock 5 |
|